 Dungeon Crawl Stone Soup version 0.29.1-1-gd02db6906a (webtiles) character file.

Game seed: 18075768380429864284

55 hikkokomori the Covert (level 3, 0/36 HPs)
             Began as a Gnoll Delver on Oct 6, 2022.
             Was an Initiate of Ashenzari.
             Slain by an iguana (14 damage)
             ... on level 4 of the Dungeon.
             The game lasted 00:03:25 (1014 turns).

hikkokomori the Covert (Gnoll Delver)               Turns: 1014, Time: 00:03:25

Health: 0/36       AC:  3    Str: 13    XL:     3   Next: 93%
Magic:  4/4        EV: 13    Int:  9    God:    Ashenzari [......]
Gold:   42         SH:  0    Dex: 13    Spells: 4/4 levels left

rFire   . . .      SeeInvis .   a - +0 hand axe
rCold   . . .      Faith    .   (no shield)
rNeg    . . .      Spirit   .   b - +0 leather armour
rPois   .          Reflect  .   (no helmet)
rElec   .          Harm     .   (no cloak)
rCorr   .          Rampage  .   (no gloves)
Will    .....                   (no boots)
Stlth   ++++......              (no amulet)
HPRegen 0.12/turn               k - ring "Ensconced With Me" {Wiz, Self, Range} (curse)
MPRegen 0.09/turn               (no ring)

@: no status effects
A: fangs 1, strong nose, distributed training
a: Renounce Religion, Shatter the Chains


You were on level 4 of the Dungeon.
You worshipped Ashenzari.
Ashenzari was noncommittal.
You visited 1 branch of the dungeon, and saw 3 of its levels.

You collected 42 gold pieces.

Inventory:

Hand Weapons
 a - a +0 hand axe (weapon)
Armour
 b - a +0 leather armour (worn)
 i - a +0 chain mail
 m - the +4 robe of Xireat {MP+9 Str+6}
   (You found it on level 4 of the Dungeon)

   Str:       It affects your strength (+6).
   MP:        It affects your magic capacity (+9).
 n - a +1 cloak
Jewellery
 k - the cursed ring "Ensconced With Me" (left hand) {Wiz, Self, Range}
   (You found it on level 4 of the Dungeon)

   [ring of wizardry]

   It improves your spell success rate.
   It has a curse which improves the following skills: Introspection: Fighting
   and Spellcasting.
   Ranged Combat: Ranged Weapons and Throwing.
Wands
 g - a wand of digging (3)
Scrolls
 c - a scroll of fog
 d - a scroll of magic mapping
 e - a scroll of fear
 h - a scroll of enchant armour {unknown}
 l - 2 scrolls of identify {unknown}
Potions
 f - a potion of haste
 j - a potion of flight {unknown}


   Skills:
 + Level 6.5(7.0) Fighting
 + Level 1.0 Short Blades
 + Level 1.0 Long Blades
 + Level 4.6 Axes
 + Level 1.0 Maces & Flails
 + Level 1.0 Polearms
 + Level 1.0 Staves
 + Level 1.0(1.2) Ranged Weapons
 + Level 1.0(1.2) Throwing
 + Level 1.0 Armour
 + Level 4.6 Dodging
 + Level 9.6 Stealth
 + Level 1.0 Shields
 + Level 1.0 Unarmed Combat
 + Level 1.0(1.2) Spellcasting
 + Level 0.7 Conjurations
 + Level 0.7 Hexes
 + Level 0.7 Summonings
 + Level 0.7 Necromancy
 + Level 0.7 Translocations
 + Level 0.7 Transmutations
 + Level 0.7 Fire Magic
 + Level 0.7 Ice Magic
 + Level 0.7 Air Magic
 + Level 0.7 Earth Magic
 + Level 0.7 Poison Magic
 + Level 1.1 Invocations
 + Level 1.0 Evocations


You had 4 spell levels left.
You didn't know any spells.
Your spell library was empty.

Dungeon Overview and Level Annotations

Branches:
Dungeon (6/15)             Temple (0/1) D:4

Altars:
Ashenzari
Wu Jian
Zin

Shops:
D:5 (


Innate Abilities, Weirdness & Mutations

You have very sharp teeth.
Your uncanny sense of smell can sniff out nearby items.
Your experience applies equally to all skills.


Message History

An iguana is nearby!
You see here the +4 robe of Xireat {MP+9 Str+6}.
m - the +4 robe of Xireat {MP+9 Str+6} You see here a +1 cloak.
n - a +1 cloak The iguana hisses angrily.
You hit the iguana.
The iguana is moderately wounded.
The iguana bites you!
You hit the iguana but do no damage.
The iguana is moderately wounded.
The iguana bites you. The iguana misses you.
You closely miss the iguana.
The iguana is moderately wounded.
The iguana closely misses you.
You slash the iguana!
The iguana is severely wounded.
The iguana bites you.
You hit the iguana but do no damage.
The iguana is severely wounded.
The iguana closely misses you.
You hit the iguana but do no damage.
The iguana is severely wounded.
The iguana bites you.
You hit the iguana but do no damage.
The iguana is severely wounded.
The iguana bites you.
You hit the iguana but do no damage.
The iguana is severely wounded.
The iguana completely misses you.
You hit the iguana.
The iguana is almost dead.
The iguana closely misses you.
You closely miss the iguana.
The iguana is almost dead.
The iguana bites you.
You hit the iguana but do no damage.
The iguana is almost dead.
The iguana bites you!
You die...
P.. ..[..........##.# P.P P..............#... ... ..................#.
PP.
P.P............#.#..
PP.

P.P..P..............
...
...P..P..........#.#
..P
...P..............#
P.. .P..P.......l.P..#
.PPP............@..###
......P...P.......≈#
................§§≈#
P.............(≈§§§#
...........(.≈≈≈≈≈##
............≈≈≈≈4##
.............≈§≈≈#
..............≈≈##
............#####


You could see an iguana.

Vanquished Creatures
  A jelly (D:4)
  An adder (D:6)
  A white imp (D:6)
  5 orcs (D:6)
  A kobold (D:4)
9 creatures vanquished.

Vanquished Creatures (others)
  3 plants (D:4)
3 creatures vanquished.

Grand Total: 12 creatures vanquished

Notes
Turn   | Place    | Note
-------+----------+-------------------------------------------
     0 | D:5      | Reached skill level 9 in Stealth
     0 | D:5      | hikkokomori the Gnoll Delver began the quest for the Orb.
     0 | D:5      | Reached XP level 1. HP: 23/23 MP: 1/1
     2 | D:5      | Found a glowing silver altar of Zin.
     8 | D:5      | Became a worshipper of Ashenzari the Shackled
    20 | D:6      | Noticed an ogre
    33 | D:6      | Noticed a water moccasin
   123 | D:6      | Reached XP level 2. HP: 5/29 MP: 2/2
   473 | D:6      | Noticed a black bear
   528 | D:6      | Reached XP level 3. HP: 15/35 MP: 3/3
   701 | D:6      | Noticed an orc warrior
   755 | D:5      | Found Kuroo's Antique Weapon Emporium.
   766 | D:4      | Found a staircase to the Ecumenical Temple.
   780 | D:4      | Noticed an angel
   854 | D:4      | Reached skill level 1 in Short Blades
   854 | D:4      | Reached skill level 1 in Long Blades
   854 | D:4      | Reached skill level 1 in Maces & Flails
   854 | D:4      | Reached skill level 1 in Polearms
   854 | D:4      | Reached skill level 1 in Staves
   854 | D:4      | Reached skill level 1 in Ranged Weapons
   854 | D:4      | Reached skill level 1 in Throwing
   854 | D:4      | Reached skill level 1 in Armour
   854 | D:4      | Reached skill level 1 in Shields
   854 | D:4      | Reached skill level 1 in Unarmed Combat
   854 | D:4      | Reached skill level 1 in Spellcasting
   854 | D:4      | Reached skill level 1 in Invocations
   854 | D:4      | Reached skill level 1 in Evocations
   984 | D:4      | Noticed a rust devil
   996 | D:4      | Identified the +4 robe of Xireat {MP+9 Str+6}
  1014 | D:4      | Slain by an iguana

Illustrated notes

Levels and vault maps discovered:
D:4:      layout_loops_ring, temple_garden, uniq_eustachio
D:5:      layout_gridville, nicolae_overflow_hidden_temple, grunt_gozag_statues,
          serial_shops, nicolae_shop_statue_plus
D:6:      layout_loops_ring, gammafunk_temple_overflow_pools, uniq_sigmund,
          uniq_blork_the_orc

Skill      XL: |  1  2  3 |
---------------+----------+-----
Stealth        | |  9.6
Short Blades   | 1 |  1.0
Long Blades    | 1 |  1.0
Maces & Flails | 1 |  1.0
Polearms       | 1 |  1.0
Staves         | 1 |  1.0
Ranged Weapons | 1 |  1.0
Throwing       | 1 |  1.0
Armour         | 1 |  1.0
Shields        | 1 |  1.0
Unarmed Combat | 1 |  1.0
Spellcasting   | 1 |  1.0
Invocations    | 1 |  1.1
Evocations     | 1 |  1.0
Fighting       | |  6.5
Axes           | |  4.6
Dodging        | |  4.6
Conjurations   | |  0.7
Hexes          | |  0.7
Summonings     | |  0.7
Necromancy     | |  0.7
Translocations | |  0.7
Transmutations | |  0.7
Fire Magic     | |  0.7
Ice Magic      | |  0.7
Air Magic      | |  0.7
Earth Magic    | |  0.7
Poison Magic   | |  0.7

Action                   || total
-------------------------++-------
Melee: Hand axe          ||    47
       Bite              ||     4
Invok: Curse Item        ||     1
 Stab: Sleeping          ||     1
Armor: Leather armour    ||     4
Dodge: Dodged            ||    36
